[Event "POL-chT 1 Liga 2019"]
[Site "Dzwirzyno"]
[Date "2019.09.07"]
[Round "1.3"]
[White "Rawicz, Karol"]
[Black "Paszewski, Mateusz"]
[Result "1-0"]
[ECO "E32"]
[WhiteElo "2200"]
[BlackElo "2297"]
[Annotator "ChessBase"]
[PlyCount "61"]
[EventDate "2019.09.07"]
[EventType "team-tourn"]
[EventCountry "POL"]
[SourceTitle "playchess.com"]
[Source "ChessBase"]
[SourceQuality "1"]
[TimeControl "40/5400+30:1800+30"]

1. d4 Nf6 2. c4 e6 3. Nc3 Bb4 4. Qc2 b6 5. e4 c5 6. d5 Qe7 7. Nge2 exd5 8. exd5 d6 9. Bd2 O-O 10. O-O-O Ng4 11. Be1 a6 12. a3 Ba5 13. Ng3 b5 14. cxb5 axb5 15. Bxb5 Ba6 16. Bxa6 Nxa6 17. Qe4 Qd7 18. Qf5 Rfd8 19. Nce4 Nc7 20. Bxa5 Rxa5 21. Rhe1 Ra6 22. f4 Rb6 23. Rd2 Nh6 24. Qg5 Kh8 25. Nf6 Qc8 26. Ngh5 Rg8 27. Nxg8 Qxg8 28. Rde2 Rb8 29. Re7 Nb5 30. f5 Nd4 31. f6 1-0

[Event "POL-chT 1 Liga 2019"]
[Site "Dzwirzyno"]
[Date "2019.09.07"]
[Round "1.4"]
[White "Ciesla, Adam"]
[Black "Jaroch, Karol"]
[Result "1-0"]
[ECO "B50"]
[WhiteElo "2273"]
[BlackElo "2236"]
[Annotator "ChessBase"]
[PlyCount "57"]
[EventDate "2019.09.07"]
[EventType "team-tourn"]
[EventCountry "POL"]
[SourceTitle "playchess.com"]
[Source "ChessBase"]
[SourceQuality "1"]
[TimeControl "40/5400+30:1800+30"]

1. e4 c5 2. Nf3 d6 3. c3 Nf6 4. Be2 Nc6 5. d4 cxd4 6. cxd4 Nxe4 7. d5 Qa5+ 8. Nc3 Nxc3 9. bxc3 Ne5 10. Nxe5 dxe5 11. O-O g6 12. Rb1 a6 13. c4 Bg7 14. d6 Bf6 15. Bf3 exd6 16. Qxd6 Qd8 17. Ba3 Qxd6 18. Bxd6 Be7 19. Bxe5 O-O 20. Rfd1 Re8 21. Bd4 Rb8 22. c5 Bf5 23. Rxb7 Rxb7 24. Bxb7 Rd8 25. Bf3 Be4 26. Be2 Bd5 27. Be5 Bxa2 28. Rxd8+ Bxd8 29. c6 1-0

[Event "POL-chT 1 Liga 2019"]
[Site "Dzwirzyno"]
[Date "2019.09.07"]
[Round "1.5"]
[White "Samborski, Henryk"]
[Black "Tomaszewski, Roman"]
[Result "0-1"]
[ECO "A04"]
[WhiteElo "2098"]
[BlackElo "2195"]
[Annotator "ChessBase"]
[PlyCount "70"]
[EventDate "2019.09.07"]
[EventType "team-tourn"]
[EventCountry "POL"]
[SourceTitle "playchess.com"]
[Source "ChessBase"]
[SourceQuality "1"]
[TimeControl "40/5400+30:1800+30"]

1. Nf3 f5 2. d4 Nf6 3. c4 e6 4. Nc3 Bb4 5. Bd2 O-O 6. e3 b6 7. Bd3 Bb7 8. Qc2 Bxc3 9. Bxc3 Ne4 10. O-O-O d6 11. Be1 Nd7 12. h4 Qe7 13. Ng1 d5 14. f3 dxc4 15. Bxc4 Nd6 16. Bb4 c5 17. dxc5 bxc5 18. Ba3 Nxc4 19. Qxc4 Bd5 20. Qc2 Rfb8 21. Kb1 Nb6 22. Bxc5 Qb7 23. Bxb6 Qxb6 24. Ne2 Qxe3 25. Nc3 Bc4 26. Rhe1 Qf4 27. Qf2 Qc7 28. Rc1 Qa5 29. Qd4 Rb4 30. Qe5 Qa3 31. Rc2 Rab8 32. Nd1 Qxa2+ 33. Kc1 Qa1+ 34. Kd2 Rd8+ 35. Kc3 Rb3+ 0-1

[Event "POL-chT 1 Liga 2019"]
[Site "Dzwirzyno"]
[Date "2019.09.07"]
[Round "1.6"]
[White "Lach, Aleksandra"]
[Black "Worek, Joanna"]
[Result "0-1"]
[ECO "B31"]
[WhiteElo "2173"]
[BlackElo "2308"]
[Annotator "ChessBase"]
[PlyCount "114"]
[EventDate "2019.09.07"]
[EventType "team-tourn"]
[EventCountry "POL"]
[SourceTitle "playchess.com"]
[Source "ChessBase"]
[SourceQuality "1"]
[TimeControl "40/5400+30:1800+30"]

1. e4 c5 2. Nf3 Nc6 3. Bb5 g6 4. Bxc6 dxc6 5. h3 Bg7 6. O-O e5 7. d3 Qe7 8. a4 h6 9. Na3 Nf6 10. Nc4 Nd7 11. a5 Nf8 12. Bd2 g5 13. Nfxe5 h5 14. Bc3 f6 15. Nf3 Ng6 16. Ne3 Nf4 17. Nf5 Bxf5 18. exf5 O-O-O 19. Bd2 Nd5 20. Qe1 Qc7 21. Ra4 Rhe8 22. Re4 Qd7 23. Be3 Bf8 24. Bc1 Nc7 25. Nd2 Qxf5 26. f4 g4 27. Qh4 Bd6 28. Rxe8 Nxe8 29. Ne4 c4 30. Ng3 Qc5+ 31. Kh1 cxd3 32. cxd3 Qxa5 33. hxg4 hxg4 34. Qxg4+ Kb8 35. Qf5 Qb6 36. Nh5 Qd4 37. Qe4 Qc5 38. g4 Bc7 39. Be3 Qc2 40. Rf2 Qd1+ 41. Kg2 Qxg4+ 42. Ng3 Nd6 43. Qf3 Qg6 44. Kh1 Nf5 45. Nxf5 Qxf5 46. Rd2 Ba5 47. Rd1 Bb6 48. d4 Qg6 49. Qh3 Qe4+ 50. Kh2 a5 51. Rd2 Bxd4 52. Bxd4 Rxd4 53. Rf2 Ka7 54. Qc3 Rd5 55. Qxf6 Rh5+ 56. Kg3 Qe3+ 57. Kg4 Qh3# 0-1

[Event "POL-chT 1 Liga 2019"]
[Site "Dzwirzyno"]
[Date "2019.09.07"]
[Round "1.9"]
[White "Nurkiewicz, Maciej"]
[Black "Kosakowski, Jakub"]
[Result "1/2-1/2"]
[ECO "E10"]
[WhiteElo "2334"]
[BlackElo "2411"]
[Annotator "ChessBase"]
[PlyCount "40"]
[EventDate "2019.09.07"]
[EventType "team-tourn"]
[EventCountry "POL"]
[SourceTitle "playchess.com"]
[Source "ChessBase"]
[SourceQuality "1"]
[TimeControl "40/5400+30:1800+30"]

1. d4 Nf6 2. c4 e6 3. Nf3 d5 4. e3 a6 5. a3 dxc4 6. Bxc4 c5 7. O-O b5 8. Bb3 Bb7 9. Nc3 Nbd7 10. Qe2 Be7 11. Rd1 O-O 12. Bc2 cxd4 13. exd4 h6 14. Ne5 Rc8 15. Bxh6 gxh6 16. Qe3 Kg7 17. Qg3+ Kh8 18. Qf4 Kg7 19. Qg3+ Kh8 20. Qf4 Kg7 1/2-1/2

[Event "POL-chT 1 Liga 2019"]
[Site "Dzwirzyno"]
[Date "2019.09.07"]
[Round "1.10"]
[White "Walter, Szymon"]
[Black "Bartel, Michal"]
[Result "1/2-1/2"]
[ECO "C18"]
[WhiteElo "2311"]
[BlackElo "2291"]
[Annotator "ChessBase"]
[PlyCount "108"]
[EventDate "2019.09.07"]
[EventType "team-tourn"]
[EventCountry "POL"]
[SourceTitle "playchess.com"]
[Source "ChessBase"]
[SourceQuality "1"]
[TimeControl "40/5400+30:1800+30"]

1. e4 e6 2. d4 d5 3. Nc3 Bb4 4. e5 c5 5. a3 Bxc3+ 6. bxc3 Ne7 7. h4 Qc7 8. h5 cxd4 9. cxd4 Qc3+ 10. Bd2 Qxd4 11. Nf3 Qc5 12. h6 gxh6 13. Bd3 Nbc6 14. Rxh6 Bd7 15. Kf1 O-O-O 16. Bg5 Rdf8 17. Qd2 Ng8 18. Rh4 f6 19. Be3 Qe7 20. Qc3 b6 21. Nd4 Qc5 22. Qxc5 bxc5 23. Nxc6 Bxc6 24. Bxc5 Rf7 25. Rf4 f5 26. Rb1 Nh6 27. Rfb4 Rg8 28. Rb8+ Kd7 29. Bxa7 Rff8 30. Rxf8 Rxf8 31. Bc5 Ra8 32. f3 Nf7 33. Re1 Ba4 34. Re2 Rb8 35. Kf2 Rb2 36. g3 Kc6 37. Bb4 d4 38. f4 Nh6 39. Ke1 Rb1+ 40. Kd2 Rg1 41. Rh2 Ng4 42. Rxh7 Rg2+ 43. Kc1 Nf2 44. Re7 Nxd3+ 45. cxd3 Bb3 46. a4 Rxg3 47. a5 Rxd3 48. a6 Kb5 49. a7 Bd5 50. Bd6 Rc3+ 51. Kd2 Be4 52. Rc7 Rb3 53. Rc5+ Kb6 54. Rc4 Rb2+ 1/2-1/2

[Event "POL-chT 1 Liga 2019"]
[Site "Dzwirzyno"]
[Date "2019.09.07"]
[Round "1.11"]
[White "Sliwerski, Radoslaw"]
[Black "Dzierzak, Radoslaw"]
[Result "1/2-1/2"]
[ECO "E20"]
[WhiteElo "2078"]
[BlackElo "2253"]
[Annotator "ChessBase"]
[PlyCount "83"]
[EventDate "2019.09.07"]
[EventType "team-tourn"]
[EventCountry "POL"]
[SourceTitle "playchess.com"]
[Source "ChessBase"]
[SourceQuality "1"]
[TimeControl "40/5400+30:1800+30"]

1. d4 Nf6 2. c4 e6 3. Nc3 Bb4 4. g3 c5 5. Nf3 Bxc3+ 6. bxc3 Qa5 7. Bd2 b6 8. Bg2 Bb7 9. O-O O-O 10. Qb3 Qa6 11. Bf4 Nc6 12. dxc5 Na5 13. Qb5 Qxb5 14. cxb5 bxc5 15. Bd6 Rfc8 16. Nd2 Bxg2 17. Kxg2 Ne8 18. Bf4 d5 19. c4 f6 20. g4 e5 21. Bg3 Nxc4 22. Nxc4 dxc4 23. f4 exf4 24. Bxf4 Nc7 25. Bxc7 Rxc7 26. Rac1 Re8 27. Rc2 Re4 28. h3 Rce7 29. Kf2 Re3 30. Rxc4 Rxe2+ 31. Kg3 Rxa2 32. Rxc5 Ree2 33. Rf3 Kf7 34. Rd3 Kg6 35. Rc7 Rg2+ 36. Kf3 Rgf2+ 37. Kg3 Rg2+ 38. Kf3 Raf2+ 39. Ke4 Re2+ 40. Kf3 Ref2+ 41. Ke4 Re2+ 42. Kf3 1/2-1/2

[Event "POL-chT 1 Liga 2019"]
[Site "Dzwirzyno"]
[Date "2019.09.07"]
[Round "1.12"]
[White "Malicka, Maria"]
[Black "Kulon, Klaudia"]
[Result "1/2-1/2"]
[ECO "C77"]
[WhiteElo "2095"]
[BlackElo "2339"]
[Annotator "ChessBase"]
[PlyCount "103"]
[EventDate "2019.09.07"]
[EventType "team-tourn"]
[EventCountry "POL"]
[SourceTitle "playchess.com"]
[Source "ChessBase"]
[SourceQuality "1"]
[TimeControl "40/5400+30:1800+30"]

1. e4 e5 2. Nf3 Nc6 3. Bb5 a6 4. Ba4 Nf6 5. d3 d6 6. c3 g6 7. Nbd2 Bg7 8. O-O O-O 9. Re1 Bd7 10. Nf1 Nh5 11. Ng3 Nxg3 12. fxg3 h6 13. Be3 b5 14. Bb3 Na5 15. Qd2 Nxb3 16. axb3 Kh7 17. b4 Bc6 18. g4 Bb7 19. g5 h5 20. Rf1 Qd7 21. Qf2 d5 22. exd5 Qxd5 23. d4 e4 24. Nd2 Kg8 25. Qg3 Rac8 26. Ra3 Rfe8 27. Nb3 Bf8 28. Nc5 Bxc5 29. dxc5 Re6 30. Raa1 Re7 31. Rad1 Qb3 32. Rd2 Rce8 33. Rfd1 Bc8 34. Qf2 Bg4 35. Ra1 Qe6 36. h3 Bf5 37. Rad1 f6 38. gxf6 Rf7 39. Rd8 Rxf6 40. Rxe8+ Qxe8 41. g4 hxg4 42. Qh4 Rf8 43. hxg4 g5 44. Qxg5+ Bg6 45. Rd5 Qf7 46. Rf5 Qe6 47. Rxf8+ Kxf8 48. Qf4+ Ke8 49. Bd4 Kd7 50. Be5 Qc6 51. Qf6 Qxf6 52. Bxf6 1/2-1/2

[Event "POL-chT 1 Liga 2019"]
[Site "Dzwirzyno"]
[Date "2019.09.07"]
[Round "1.13"]
[White "Szwed, Jacek"]
[Black "Sapis, Witalis"]
[Result "1/2-1/2"]
[ECO "B17"]
[WhiteElo "2370"]
[BlackElo "2376"]
[Annotator "ChessBase"]
[PlyCount "54"]
[EventDate "2019.09.07"]
[EventType "team-tourn"]
[EventCountry "POL"]
[SourceTitle "playchess.com"]
[Source "ChessBase"]
[SourceQuality "1"]
[TimeControl "40/5400+30:1800+30"]

1. e4 c6 2. d4 d5 3. Nd2 dxe4 4. Nxe4 Nd7 5. Ng5 Ngf6 6. Bd3 e6 7. N1f3 Bd6 8. Qe2 h6 9. Ne4 Nxe4 10. Qxe4 Nf6 11. Qe2 b6 12. Bd2 Bb7 13. Ne5 Qc7 14. f4 O-O-O 15. O-O c5 16. a4 cxd4 17. a5 Nd5 18. axb6 axb6 19. Ra4 Bxe5 20. Rc4 Bf6 21. Rxc7+ Kxc7 22. Ba6 Rd6 23. Bxb7 Kxb7 24. Ra1 Ra8 25. Rxa8 Kxa8 26. Qb5 Nc7 27. Qb3 Kb7 1/2-1/2

[Event "POL-chT 1 Liga 2019"]
[Site "Dzwirzyno"]
[Date "2019.09.07"]
[Round "1.14"]
[White "Godzwon, Iwo"]
[Black "Zylka, Stanislaw"]
[Result "1/2-1/2"]
[ECO "B49"]
[WhiteElo "2265"]
[BlackElo "2338"]
[Annotator "ChessBase"]
[PlyCount "55"]
[EventDate "2019.09.07"]
[EventType "team-tourn"]
[EventCountry "POL"]
[SourceTitle "playchess.com"]
[Source "ChessBase"]
[SourceQuality "1"]
[TimeControl "40/5400+30:1800+30"]

1. e4 c5 2. Nf3 e6 3. d4 cxd4 4. Nxd4 Nc6 5. Nc3 Qc7 6. Be3 a6 7. Be2 Nf6 8. O-O Be7 9. f4 d6 10. Qe1 Nxd4 11. Bxd4 b5 12. a3 O-O 13. Kh1 Nd7 14. Qg3 Bf6 15. Bxf6 Nxf6 16. Bd3 Bb7 17. Rae1 Rad8 18. Qh4 h6 19. Re3 Qc5 20. Qe1 Bc6 21. h3 a5 22. e5 dxe5 23. Rxe5 Qb6 24. Bxb5 Nd7 25. Rh5 Nf6 26. Re5 Nd7 27. Rh5 Nf6 28. Re5 1/2-1/2

[Event "POL-chT 1 Liga 2019"]
[Site "Dzwirzyno"]
[Date "2019.09.07"]
[Round "1.15"]
[White "Koziol, Kamil"]
[Black "Wacior, Maciej"]
[Result "1/2-1/2"]
[ECO "B11"]
[WhiteElo "2292"]
[BlackElo "2116"]
[Annotator "ChessBase"]
[PlyCount "58"]
[EventDate "2019.09.07"]
[EventType "team-tourn"]
[EventCountry "POL"]
[SourceTitle "playchess.com"]
[Source "ChessBase"]
[SourceQuality "1"]
[TimeControl "40/5400+30:1800+30"]

1. e4 c6 2. Nc3 d5 3. Nf3 Bg4 4. h3 Bxf3 5. Qxf3 Nf6 6. d3 e6 7. Bd2 Be7 8. e5 Nfd7 9. Qg3 Rg8 10. h4 Qc7 11. f4 c5 12. O-O-O a6 13. Be2 Nc6 14. h5 O-O-O 15. Bg4 g5 16. f5 Qxe5 17. Qh3 exf5 18. Bxf5 h6 19. Rde1 Qd6 20. Qf3 d4 21. Nd5 Kb8 22. Nxe7 Nxe7 23. Bxd7 Rxd7 24. Qxf7 Rc8 25. Rhf1 Rc6 26. Re4 Ka7 27. Rfe1 Nd5 28. Qf5 Qc7 29. Re6 Rdd6 1/2-1/2

[Event "POL-chT 1 Liga 2019"]
[Site "Dzwirzyno"]
[Date "2019.09.07"]
[Round "1.16"]
[White "Kowalski, Maciej"]
[Black "Nowak, Mikolaj"]
[Result "0-1"]
[ECO "A06"]
[WhiteElo "2095"]
[BlackElo "2262"]
[Annotator "ChessBase"]
[PlyCount "40"]
[EventDate "2019.09.07"]
[EventType "team-tourn"]
[EventCountry "POL"]
[SourceTitle "playchess.com"]
[Source "ChessBase"]
[SourceQuality "1"]
[TimeControl "40/5400+30:1800+30"]

1. Nf3 g6 2. g3 Bg7 3. Bg2 e5 4. d3 d5 5. O-O Ne7 6. e4 c6 7. Qe2 Qc7 8. d4 dxe4 9. Nxe5 f5 10. Bf4 Qd8 11. Nc3 Be6 12. Rad1 O-O 13. f3 Qb6 14. fxe4 Qxb2 15. exf5 Nxf5 16. Nxg6 Re8 17. Ne5 Qxc3 18. Be4 Nd7 19. Rd3 Qa5 20. Qh5 Nf6 0-1

[Event "POL-chT 1 Liga 2019"]
[Site "Dzwirzyno"]
[Date "2019.09.07"]
[Round "1.17"]
[White "Tomaszewski, Kacper"]
[Black "Rogala, Milosz"]
[Result "1/2-1/2"]
[ECO "D44"]
[WhiteElo "2363"]
[BlackElo "1788"]
[Annotator "ChessBase"]
[PlyCount "63"]
[EventDate "2019.09.07"]
[EventType "team-tourn"]
[EventCountry "POL"]
[SourceTitle "playchess.com"]
[Source "ChessBase"]
[SourceQuality "1"]
[TimeControl "40/5400+30:1800+30"]

1. d4 d5 2. c4 c6 3. Nc3 Nf6 4. Nf3 e6 5. Bg5 dxc4 6. e4 b5 7. a4 Bb4 8. Be2 h6 9. Bxf6 Qxf6 10. O-O O-O 11. Qc2 a6 12. axb5 Bxc3 13. Qxc3 cxb5 14. b3 Bb7 15. e5 Qf4 16. bxc4 bxc4 17. Qe3 Qg4 18. Rfc1 Nd7 19. h3 Qf5 20. Bxc4 Bxf3 21. Bd3 Qh5 22. Qxf3 Qxf3 23. gxf3 a5 24. Rc7 Nb6 25. Be4 Rad8 26. Rc6 Nd5 27. Rxa5 Nf4 28. Rd6 Nxh3+ 29. Kf1 Nf4 30. Ke1 Rb8 31. Ra2 Rfc8 32. Kd2 1/2-1/2

[Event "POL-chT 1 Liga 2019"]
[Site "Dzwirzyno"]
[Date "2019.09.07"]
[Round "1.18"]
[White "Gosciniak, Maria"]
[Black "Cieslak, Wiktoria"]
[Result "1-0"]
[ECO "B90"]
[WhiteElo "2132"]
[BlackElo "2063"]
[Annotator "ChessBase"]
[PlyCount "95"]
[EventDate "2019.09.07"]
[EventType "team-tourn"]
[EventCountry "POL"]
[SourceTitle "playchess.com"]
[Source "ChessBase"]
[SourceQuality "1"]
[TimeControl "40/5400+30:1800+30"]

1. e4 c5 2. Nf3 d6 3. d4 cxd4 4. Nxd4 Nf6 5. Nc3 a6 6. f3 e5 7. Nb3 Be6 8. Be3 Be7 9. Qd2 h5 10. Be2 Nbd7 11. O-O O-O 12. a4 Rc8 13. a5 Re8 14. Rfd1 Qc7 15. Bf1 Nf8 16. Qf2 Ng6 17. Rd2 h4 18. Nc1 Qc6 19. Bd3 d5 20. exd5 Nxd5 21. Be4 Red8 22. N1e2 Ngf4 23. Nxf4 exf4 24. Bb6 Qc4 25. Bxd5 Bxd5 26. Rad1 Bb4 27. Rxd5 Rxd5 28. Nxd5 Bc5 29. Bxc5 Qxc5 30. Qxc5 Rxc5 31. Nxf4 Rxc2 32. b4 Rc4 33. Nd3 f6 34. Rd2 Kf7 35. Rb2 Rc6 36. Nc5 b6 37. Nxa6 bxa5 38. b5 Rb6 39. Nc5 Ke7 40. Na4 Rb7 41. b6 Kd6 42. Rb5 g5 43. Rxa5 Rb8 44. Kf2 Kc6 45. Rf5 Rf8 46. Rc5+ Kb7 47. Rc7+ Ka6 48. b7 1-0

[Event "POL-chT 1 Liga 2019"]
[Site "Dzwirzyno"]
[Date "2019.09.07"]
[Round "1.21"]
[White "Plichta, Kamil"]
[Black "Grabarczyk, Miroslaw"]
[Result "1/2-1/2"]
[ECO "A14"]
[WhiteElo "2349"]
[BlackElo "2374"]
[Annotator "ChessBase"]
[PlyCount "105"]
[EventDate "2019.09.07"]
[EventType "team-tourn"]
[EventCountry "POL"]
[SourceTitle "playchess.com"]
[Source "ChessBase"]
[SourceQuality "1"]
[TimeControl "40/5400+30:1800+30"]

1. c4 e6 2. Nf3 d5 3. g3 Nf6 4. Bg2 Be7 5. O-O O-O 6. b3 c5 7. Bb2 b6 8. e3 Bb7 9. Nc3 dxc4 10. bxc4 Nc6 11. Qe2 Rc8 12. Rad1 Na5 13. d3 a6 14. Ne1 Bxg2 15. Nxg2 Qd7 16. a4 Rfd8 17. f4 Nc6 18. g4 Ne8 19. f5 Nd6 20. Nf4 Rb8 21. Nh5 g6 22. Ng3 b5 23. axb5 axb5 24. cxb5 Nb4 25. fxg6 fxg6 26. Ba1 Rf8 27. Rxf8+ Rxf8 28. Nce4 Nxe4 29. Nxe4 e5 30. Bxe5 Qxb5 31. Qb2 Qd7 32. Qb3+ Qd5 33. Qc4 Rd8 34. Qxd5+ Rxd5 35. Bf6 Kf7 36. Bxe7 Kxe7 37. Nf2 Re5 38. e4 Re6 39. Rc1 Rf6 40. Rc4 Rd6 41. Rxc5 Nxd3 42. Rc7+ Kf6 43. Rxh7 Rd4 44. Nxd3 Rxd3 45. Kf2 Kg5 46. e5 Kf4 47. e6 Rf3+ 48. Kg2 Re3 49. e7 Kxg4 50. Rf7 g5 51. Kf2 Re6 52. h3+ Kh5 53. e8=N 1/2-1/2

[Event "POL-chT 1 Liga 2019"]
[Site "Dzwirzyno"]
[Date "2019.09.07"]
[Round "1.22"]
[White "Sabuk, Piotr"]
[Black "Reza, Wojciech"]
[Result "1/2-1/2"]
[ECO "A28"]
[WhiteElo "2397"]
[BlackElo "2293"]
[Annotator "ChessBase"]
[PlyCount "119"]
[EventDate "2019.09.07"]
[EventType "team-tourn"]
[EventCountry "POL"]
[SourceTitle "playchess.com"]
[Source "ChessBase"]
[SourceQuality "1"]
[TimeControl "40/5400+30:1800+30"]

1. c4 e5 2. Nc3 Nf6 3. Nf3 Nc6 4. e3 Bb4 5. Qc2 O-O 6. Nd5 Re8 7. Qf5 d6 8. Nxf6+ Qxf6 9. Qxf6 gxf6 10. a3 Bc5 11. b4 Bb6 12. Bb2 f5 13. c5 dxc5 14. b5 Na5 15. Nxe5 f4 16. Be2 Bf5 17. O-O Rad8 18. d3 f6 19. Ng4 Bxg4 20. Bxg4 fxe3 21. fxe3 c4 22. Bxf6 Rxd3 23. Kh1 Nb3 24. Rad1 Nd2 25. Rfe1 c3 26. Bxc3 Rxc3 27. Rxd2 Rxa3 28. Rd7 Raxe3 29. Rxe3 Rxe3 30. g3 Re5 31. Rd5 Rxd5 32. Be6+ Kf8 33. Bxd5 a6 34. bxa6 bxa6 35. Kg2 Ke7 36. Kf3 Kd6 37. Bg8 h6 38. g4 Ke5 39. h4 Kd4 40. g5 hxg5 41. hxg5 Kd3 42. Bd5 Be3 43. g6 Bh6 44. Bc6 a5 45. Kf2 Bg7 46. Kf3 Be5 47. Kf2 Bf6 48. Kf3 Bg7 49. Kf2 Bh6 50. Kf3 Kc4 51. Ke4 Bg7 52. Bd5+ Kc3 53. Bc6 Kc4 54. Bd5+ Kc3 55. Bc6 Kb3 56. Kd3 a4 57. Bd5+ Kb2 58. Kc4 c6 59. Be6 Bf8 60. g7 1/2-1/2

[Event "POL-chT 1 Liga 2019"]
[Site "Dzwirzyno"]
[Date "2019.09.07"]
[Round "1.23"]
[White "Renkowski, Piotr"]
[Black "Kucza, Karol"]
[Result "1/2-1/2"]
[ECO "A46"]
[WhiteElo "2179"]
[BlackElo "2280"]
[Annotator "ChessBase"]
[PlyCount "201"]
[EventDate "2019.09.07"]
[EventType "team-tourn"]
[EventCountry "POL"]
[SourceTitle "playchess.com"]
[Source "ChessBase"]
[SourceQuality "1"]
[TimeControl "40/5400+30:1800+30"]

1. d4 Nf6 2. Nf3 e6 3. Bf4 c5 4. e3 d5 5. c3 Nc6 6. Nbd2 Bd6 7. Bg3 O-O 8. Bd3 b6 9. e4 Be7 10. e5 Nh5 11. Ng5 Bxg5 12. Qxh5 g6 13. Qe2 cxd4 14. h4 Bxd2+ 15. Qxd2 dxc3 16. bxc3 f5 17. exf6 Qxf6 18. h5 g5 19. h6 Kh8 20. Rh5 Ne5 21. Bb5 Nf7 22. Bc6 Ba6 23. Bxa8 Rxa8 24. O-O-O Rc8 25. Kb2 Rc4 26. a3 Kg8 27. f3 Bb5 28. Bf2 Qg6 29. g4 Rf4 30. Bd4 Rxf3 31. Re1 Rf4 32. Qg2 Bd3 33. Qxd5 Be4 34. Qd7 Nxh6 35. Qd8+ Rf8 36. Qxg5 Nf7 37. Qe3 Nd6 38. Ka1 Rf3 39. Qg5 Qxg5 40. Rxg5+ Kf8 41. Rg7 Bd5 42. Rxh7 Nb5 43. Be5 Rf2 44. Rh2 Rxh2 45. Bxh2 Nxc3 46. Rc1 Ne4 47. Rc7 a5 48. Kb2 b5 49. Ra7 b4 50. a4 Nd2 51. Bf4 Nc4+ 52. Kc2 Be4+ 53. Kb3 Bd5 54. g5 Nb6+ 55. Kc2 b3+ 56. Kb1 Nc4 57. Bc1 Be4+ 58. Ka1 e5 59. Rc7 Bd3 60. Bb2 Kg8 61. Bc3 Kf8 62. Rc5 Kf7 63. Bxe5 Kg6 64. Bf6 Kh5 65. Bb2 Be2 66. Bc1 Bd3 67. Rc6 b2+ 68. Bxb2 Kxg5 69. Bc3 Kf5 70. Bxa5 Nxa5 71. Rc5+ Ke6 72. Rxa5 Kd6 73. Kb2 Kc6 74. Kc3 Kb6 75. Rg5 Bf1 76. Kb4 Be2 77. Rg6+ Ka7 78. Ka5 Kb7 79. Rh6 Bf1 80. Kb4 Ka7 81. Kc5 Kb7 82. Rh7+ Ka6 83. Rf7 Bd3 84. Kb4 Be2 85. a5 Bd3 86. Rf6+ Ka7 87. Kc5 Kb7 88. Rb6+ Ka7 89. Kc6 Bf1 90. Kc7 Ba6 91. Rf6 Bd3 92. a6 Be2 93. Rf2 Bd3 94. Kc6 Bc4 95. Rb2 Bf1 96. Rd2 Bc4 97. Rc2 Bd3 98. Rc1 Be2 99. Rb1 Bf3+ 100. Kc5 Kxa6 101. Ra1+ 1/2-1/2

[Event "POL-chT 1 Liga 2019"]
[Site "Dzwirzyno"]
[Date "2019.09.07"]
[Round "1.24"]
[White "Kantane, Anna"]
[Black "Jablonska, Sabina"]
[Result "1-0"]
[ECO "B48"]
[WhiteElo "2273"]
[BlackElo "1928"]
[Annotator "ChessBase"]
[PlyCount "59"]
[EventDate "2019.09.07"]
[EventType "team-tourn"]
[EventCountry "POL"]
[SourceTitle "playchess.com"]
[Source "ChessBase"]
[SourceQuality "1"]
[TimeControl "40/5400+30:1800+30"]

1. e4 c5 2. Nf3 e6 3. d4 cxd4 4. Nxd4 Nc6 5. Nc3 Qc7 6. Be3 a6 7. Qf3 Nf6 8. O-O-O Be7 9. Be2 Nxd4 10. Bxd4 d6 11. Qg3 e5 12. Qxg7 Rf8 13. Be3 Be6 14. Nd5 Bxd5 15. exd5 Rc8 16. c4 Rg8 17. Qh6 Rxg2 18. Qh3 Rg6 19. Kb1 Qd7 20. Qxd7+ Kxd7 21. f3 Rcg8 22. Bf1 h5 23. Bh3+ Kc7 24. Rhe1 Nd7 25. b4 Nb6 26. Rc1 Rd8 27. c5 dxc5 28. d6+ Bxd6 29. bxc5 Be7 30. cxb6+ 1-0

[Event "POL-chT 1 Liga 2019"]
[Site "Dzwirzyno"]
[Date "2019.09.07"]
[Round "1.25"]
[White "Chylewski, Patryk"]
[Black "Sopur, Lech"]
[Result "1-0"]
[ECO "A40"]
[WhiteElo "2342"]
[BlackElo "2417"]
[Annotator "ChessBase"]
[PlyCount "49"]
[EventDate "2019.09.07"]
[EventType "team-tourn"]
[EventCountry "POL"]
[SourceTitle "playchess.com"]
[Source "ChessBase"]
[SourceQuality "1"]
[TimeControl "40/5400+30:1800+30"]

1. d4 Nf6 2. c4 e6 3. g3 d5 4. Nf3 Bb4+ 5. Nbd2 dxc4 6. Bg2 Nd5 7. O-O c3 8. Nb3 Nc6 9. e4 Nb6 10. bxc3 Bxc3 11. Rb1 Bb4 12. Qc2 O-O 13. Rd1 Qe7 14. Bb2 f6 15. Rbc1 Na4 16. Ba1 Ba3 17. d5 Bxc1 18. Nxc1 Qc5 19. Qxa4 b5 20. Bd4 Nxd4 21. Qxd4 Qc2 22. Ne1 Qb1 23. Qd2 Qa1 24. f4 b4 25. Ne2 1-0

[Event "POL-chT 1 Liga 2019"]
[Site "Dzwirzyno"]
[Date "2019.09.07"]
[Round "1.26"]
[White "Flis, Pawel"]
[Black "Kowalski, Igor"]
[Result "1/2-1/2"]
[ECO "C55"]
[WhiteElo "1897"]
[BlackElo "2364"]
[Annotator "ChessBase"]
[PlyCount "75"]
[EventDate "2019.09.07"]
[EventType "team-tourn"]
[EventCountry "POL"]
[SourceTitle "playchess.com"]
[Source "ChessBase"]
[SourceQuality "1"]
[TimeControl "40/5400+30:1800+30"]

1. e4 e5 2. d4 exd4 3. Nf3 Nc6 4. Bc4 Nf6 5. e5 d5 6. Bb5 Ne4 7. Nxd4 Bd7 8. Bxc6 bxc6 9. O-O Bc5 10. f3 Ng5 11. Be3 Bb6 12. f4 Ne4 13. Nd2 c5 14. Ne2 Nxd2 15. Qxd2 d4 16. Bf2 Bc6 17. c4 Qd7 18. Qd3 f5 19. exf6 gxf6 20. f5 Rg8 21. Nf4 O-O-O 22. Rae1 Qf7 23. Re6 Bd7 24. Qe4 Kb8 25. Nd5 Rge8 26. Re1 Qg7 27. Bg3 Bxe6 28. fxe6 Rxd5 29. Qxd5 Qe7 30. Qc6 Rd8 31. a4 Qe8 32. e7 Rc8 33. Qxf6 Ba5 34. Re6 Qxa4 35. Qf8 Re8 36. b3 Qd7 37. Qf5 Kc8 38. Qe4 1/2-1/2

[Event "POL-chT 1 Liga 2019"]
[Site "Dzwirzyno"]
[Date "2019.09.07"]
[Round "1.27"]
[White "Nowak, Lukasz"]
[Black "Szmacinski, Slawomir"]
[Result "1-0"]
[ECO "E12"]
[WhiteElo "2270"]
[BlackElo "1848"]
[Annotator "ChessBase"]
[PlyCount "63"]
[EventDate "2019.09.07"]
[EventType "team-tourn"]
[EventCountry "POL"]
[SourceTitle "playchess.com"]
[Source "ChessBase"]
[SourceQuality "1"]
[TimeControl "40/5400+30:1800+30"]

1. d4 Nf6 2. c4 e6 3. Nf3 b6 4. a3 Ba6 5. Qc2 d5 6. Nbd2 Be7 7. e4 dxe4 8. Nxe4 Bb7 9. Bd3 Nbd7 10. O-O O-O 11. Rd1 Nxe4 12. Bxe4 Bxe4 13. Qxe4 Nf6 14. Qe2 c6 15. Bf4 Rc8 16. Rd3 Re8 17. Rad1 b5 18. Rc3 a5 19. Ne5 b4 20. Rg3 g6 21. Qf3 bxa3 22. bxa3 Rc7 23. Nxc6 Rxc6 24. Qxc6 Nh5 25. Bc7 Qc8 26. Rb3 Qa8 27. Qxa8 Rxa8 28. d5 exd5 29. cxd5 a4 30. Rb8+ Rxb8 31. Bxb8 Nf6 32. d6 1-0

[Event "POL-chT 1 Liga 2019"]
[Site "Dzwirzyno"]
[Date "2019.09.07"]
[Round "1.28"]
[White "Redlich, Bogdan"]
[Black "Winiarski, Mikolaj"]
[Result "1/2-1/2"]
[ECO "E16"]
[WhiteElo "1600"]
[BlackElo "2213"]
[Annotator "ChessBase"]
[PlyCount "86"]
[EventDate "2019.09.07"]
[EventType "team-tourn"]
[EventCountry "POL"]
[SourceTitle "playchess.com"]
[Source "ChessBase"]
[SourceQuality "1"]
[TimeControl "40/5400+30:1800+30"]

1. d4 Nf6 2. Nf3 e6 3. c4 b6 4. g3 Bb7 5. Bg2 Bb4+ 6. Bd2 Bxd2+ 7. Qxd2 O-O 8. Nc3 Ne4 9. Nxe4 Bxe4 10. O-O d6 11. Nh4 Bxg2 12. Nxg2 Nd7 13. Rfd1 Qe7 14. Nf4 Rae8 15. b4 e5 16. dxe5 Nxe5 17. Qc3 Ng6 18. Nd5 Qd7 19. Rd2 Re4 20. f3 Re5 21. b5 f5 22. a4 f4 23. Nxf4 Nxf4 24. Qxe5 Qh3 25. Qxf4 Rxf4 26. gxf4 Qe6 27. e4 Qxc4 28. Raa2 h5 29. Rac2 Qxa4 30. Rxc7 Qxb5 31. Rxd6 a5 32. Rdd7 Qb1+ 33. Kg2 Qb2+ 34. Kg3 h4+ 35. Kxh4 Qf6+ 36. Kg4 a4 37. f5 a3 38. Ra7 Qb2 39. Ra8+ Kh7 40. Rdd8 Qg2+ 41. Kf4 Qxh2+ 42. Ke3 Qg1+ 43. Kf4 Qh2+ 1/2-1/2